 Dungeon Crawl Stone Soup version 0.20-a0-972-gb9bd3e6 (webtiles) character file.

177266 Lifeless the Severer (level 17, -3/142 HPs)
             Began as a Demonspawn Gladiator on Apr 9, 2017.
             Was a High Priest of Okawaru.
             Killed from afar by Nikola (25 damage)
             ... with a chain lightning
             ... on level 4 of the Swamp.
             The game lasted 02:45:24 (32879 turns).

Lifeless the Severer (Demonspawn Gladiator)        Turns: 32879, Time: 02:45:24

Health: -3/142     AC: 37    Str: 25    XL:     17   Next: 53%
Magic:  17/22      EV: 17    Int: 10    God:    Okawaru [*****.]
Gold:   2631       SH:  0    Dex: 25    Spells: 20/21 levels left

rFire    . . .     SeeInvis .   a - +10 battleaxe of Yjeu {pain, MR+}
rCold    + . .     Gourm    .   (shield currently unavailable)
rNeg     . . .     Faith    .   W - +2 plate armour {rPois}
rPois    +         Spirit   .   p - +0 helmet
rElec    .         Reflect  .   D - +1 cloak {MR+}
rCorr    +         Harm     .   (gloves unavailable)
MR       +++..                  O - +1 pair of boots {Fly}
Stlth    ..........             s - amulet of regeneration
Regen    0.8/turn               u - ring of resist corrosion
MPRegen  0.2/turn               y - +4 ring of dexterity

@: mighty, agile, finesse, sanguine armour, flying, drained
A: claws 3, cold resistance 1, powered by death 2, powered by pain 1, sanguine
armour 3
a: Heroism, Finesse, Renounce Religion, Stop Flying


You were on level 4 of the Swamp.
You worshipped Okawaru.
Okawaru was extremely pleased with you.
You were hungry.

You visited 5 branches of the dungeon, and saw 29 of its levels.

You collected 2631 gold pieces.

Inventory:

Hand Weapons
 a - the +10 battleaxe of Yjeu (weapon) {pain, MR+}
   (Okawaru gifted it to you on level 2 of the Lair of Beasts)

   In the hands of one skilled in necromantic magic, it inflicts extra damage on
   living creatures.
   It affects your resistance to hostile enchantments.
 b - the +11 whip of Hixouss {slash, SInv}
   (You found it on level 7 of the Dungeon)

   It inflicts extra damage upon your enemies.
   It lets you see invisible.
 S - a +5 executioner's axe of chopping
Missiles
 d - 5 throwing nets (quivered)
Armour
 p - a +0 helmet (worn)
 D - a +1 cloak of magic resistance (worn)
 O - a +1 pair of boots of flying (worn)
 Q - a +2 pair of boots of running
 W - a +2 plate armour of poison resistance (worn)
Jewellery
 h - an uncursed ring of positive energy
 r - an uncursed ring of ice
 s - an amulet of regeneration (around neck)
 u - a ring of resist corrosion (left claw)
 y - a +4 ring of dexterity (right claw)
 G - an uncursed ring of protection from magic
 H - an uncursed ring of see invisible
Wands
 R - a wand of acid (4/15)
Scrolls
 e - 2 scrolls of enchant weapon
 g - 3 scrolls of immolation
 i - 3 scrolls of magic mapping
 k - 7 scrolls of enchant armour
 m - 5 scrolls of teleportation
 v - 14 scrolls of remove curse
 w - 3 scrolls of recharging
 x - 5 scrolls of amnesia
 B - a scroll of silence
 E - 2 scrolls of acquirement
 F - a scroll of brand weapon
 U - a scroll of torment {unknown}
 V - a scroll of vulnerability {unknown}
Potions
 j - 2 potions of magic
 n - 7 potions of brilliance
 q - 11 potions of curing
 z - 9 potions of haste
 C - 2 potions of agility
 I - 6 potions of lignification
 J - a potion of ambrosia
 K - a potion of mutation
 L - 3 potions of invisibility
 M - a potion of heal wounds
 T - 3 potions of resistance
Books
 o - a book of Necromancy

   Spells                             Type                      Level
   a - Pain                           Necromancy                   1
   b - Animate Skeleton               Necromancy                   1
   c - Vampiric Draining              Necromancy                   3
   d - Regeneration                   Charms/Necromancy            3
   e - Animate Dead                   Necromancy                   4
   f - Control Undead                 Necromancy                   4
 N - a book of Battle

   Spells                             Type                      Level
   a - Infusion                       Charms                       1
   b - Shroud of Golubria             Charms/Translocation         2
   c - Song of Slaying                Charms                       2
   d - Spectral Weapon                Hexes/Charms                 3
   e - Regeneration                   Charms/Necromancy            3
 P - Kikubaaqudgha's Reference Book on Black Arts
   (You found it on level 1 of the Elven Halls)

   Spells                             Type                      Level
   a - Pain                           Necromancy                   1
   b - Sublimation of Blood           Necromancy                   2
   c - Control Undead                 Necromancy                   4
Comestibles
 c - 12 royal jellies
 f - 19 bread rations
 l - 16 meat rations
 t - 12 fruits


   Skills:
 * Level 15.3(14.9) Fighting
 * Level 19.2(18.8) Axes
 - Level 1.7(1.5) Throwing
 + Level 14.1(13.7) Armour
 - Level 6.2(5.9) Dodging
 + Level 2.6(2.3) Spellcasting
 + Level 1.8(1.5) Necromancy
 - Level 6.7(6.5) Invocations


You had 20 spell levels left.
You knew the following spells:

 Your Spells              Type           Power        Failure   Level  Hunger
a - Animate Skeleton      Necr           N/A          95%         1    ##.....


Dungeon Overview and Level Annotations

Branches:
Dungeon (15/15)            Temple (0/1) D:7            Lair (6/6) D:9
  Swamp (4/4) Lair:2        Snake (0/4) Lair:3        Slime (0/5) Lair:6
    Orc (2/2) D:10            Elf (2/3) Orc:2        Vaults (0/5) D:13
 Depths (0/5) D:15

Altars:
Elyvilon
Fedhas
Hepliaklqana
Okawaru
Qazlal
Sif Muna
Uskayaw
Wu Jian
Xom
Yredelemnul
Zin
The Shining One
Beogh
Jiyva

Shops:
D:4 (   D:8 [   D:10 *   D:11 =   Orc:2 ([*:   Elf:1 }%(

Annotations:
D:11 exclusion: obsidian statue
D:15 exclusion: Roxanne, Roxanne
Swamp:4 Nikola


Innate Abilities, Weirdness & Mutations

You have claws for hands.
Your flesh is cold resistant. (rC+)
You regenerate health from kills.
You sometimes gain a little power by taking damage.
When seriously injured, your bleeding wounds create very thick armour. (AC +12)


Message History

Nikola is lightly wounded.
You slice Nikola!!
Nikola writhes in agony.
Nikola is moderately wounded.
You slash Nikola!
Nikola writhes in agony.
Nikola is moderately wounded.
Nikola hits you with a rapier of electrocution.
You slice Nikola!!
Nikola writhes in agony.
Nikola is heavily wounded.
You barely miss Nikola.
Nikola is heavily wounded.
You slice Nikola!!
Nikola writhes in agony.
Nikola is heavily wounded.
Nikola mumbles some strange words.
You hear a mighty clap of thunder!
The lightning arc hits you!
You focus on the pain.
You feel very mighty all of a sudden.
The lightning arc hits Nikola.
The lightning arc hits you!
* * * LOW HITPOINT WARNING * * *
The lightning arc hits Nikola.
The lightning arc hits you!
You die...

*♣♣ ♣♣.♣♣ ....♣ ♣♣***
≈≈≈.♣ ♣.≈≈♣♣♣♣ ≈≈≈.♣
♣♣≈.,..≈♣ ≈≈≈.♣♣♣♣
♣♣♣..♣♣..≈♣ ...♣♣..♣
♣≈.§≈≈....♣♣
§≈.♣.≈.♣♣♣♣♣.≈≈≈≈...≈♣***
.≈.♣.≈≈.♣....≈≈≈@@.♣♣..,**
..≈.§≈.≈.≈≈≈≈≈≈≈≈≈.≈.≈≈≈,*
....♣♣♣♣.≈≈≈≈≈≈≈≈≈..≈≈≈≈,*
≈...≈♣♣..≈≈≈≈≈≈≈≈..♣♣≈..,*
≈≈≈≈..≈.≈≈≈≈≈..$≈..♣*,..**
≈≈≈≈<.≈.≈≈≈≈≈..≈≈≈≈...,.*
.§..≈♣♣♣≈≈≈≈.[..§≈≈.≈≈≈,*
♣♣≈...≈≈.≈≈..≈♣≈....≈≈≈,*
*♣.≈≈.....≈≈≈≈....≈....**


You could see Nikola.

Vanquished Creatures
  Rupert (Orc:1)
  Frances (Swamp:2)
  Agnes (D:15)
  A thorn hunter (Swamp:1)
  3 orc warlords
  Louise (Swamp:2)
  A stone giant (D:10)
  Azrael (D:12)
  Snorg (Lair:5)
  The ghost of Tux the Martial Artist, a journeyman BuTm of Wu Jian (D:11)
  An ettin (Orc:2)
  2 deep elf death magi
  The ghost of Gorglomux the Zephyrmancer, a journeyman TeAE of Vehumet (Lair:2)
  2 ice dragons (D:15)
  13 hydras
  The ghost of Leszczynek the Grappler, a novice OgSu of Cheibriados (D:10)
  4 ghost crabs
  3 centaur warriors
  13 alligators
  5 two-headed ogres
  9 death yaks
  15 dancing weapons
  6 orc high priests
  13 deep elf knights
  The ghost of Zebura the Geomancer, a novice GrEE of Makhleb (D:8)
  5 unseen horrors
  2 spriggan druids (Swamp:2)
  2 shambling mangroves (Swamp:3)
  A deep troll (D:13)
  3 swamp dragons
  A lindwurm (D:13)
  A deep elf archer (Elf:1)
  3 necromancers (Elf:1)
  11 orc knights
  A large abomination (Elf:1)
  Pikel (D:6)
  9 ugly things
  6 orc sorcerers
  32 deep elf magi
  3 oklob plants (Lair:5)
  3 cyclopes
  3 manticores
  2 centaur zombies
  14 elephants
  2 black mambas
  39 spiny frogs
  2 gargoyles (D:12)
  A torpor snail (shapeshifter) (Elf:1)
  A rime drake (shapeshifter) (D:11)
  2 rime drakes
  11 komodo dragons
  An efreet (D:14)
  A redback zombie (D:13)
  A queen bee (shapeshifter) (Elf:1)
  A polar bear (Lair:1)
  2 jumping spiders (shapeshifter)
  11 trolls
  10 tyrant leeches
  12 hornets
  19 slime creatures
  Prince Ribbit (D:5)
  12 blink frogs (Lair:6)
  8 bog bodies
  6 dream sheep
  A hippogriff (shapeshifter) (D:15)
  6 hippogriffs
  3 air elementals
  7 spriggans
  11 yaks
  4 wyverns
  3 water elementals (Elf:1)
  A shadow (Swamp:2)
  2 wraiths
  A yak (shapeshifter) (D:13)
  4 basilisks
  2 vampires (D:15)
  3 fire elementals
  10 vampire mosquitoes
  2 hungry ghosts
  Menkaure (D:7)
  20 swamp worms
  2 wargs
  6 insubstantial wisps (Swamp:1)
  4 nagas (Lair:3)
  20 water moccasins
  3 hell hounds (D:12)
  Duvessa (D:7)
  4 porcupines
  49 orc warriors
  An eye of draining (D:15)
  5 ice beasts
  4 sky beasts
  A necrophage (D:12)
  A hornet zombie (D:11)
  4 swamp drakes
  6 black bears
  2 phantoms
  10 wolves
  19 centaurs
  5 ogres
  11 crocodiles
  4 elf zombies (Elf:1)
  3 gnoll sergeants
  A wyvern zombie (D:10)
  25 bullfrogs
  2 earth elementals (Elf:2)
  A water moccasin zombie (D:7)
  Dowan (D:7)
  2 wyvern skeletons
  7 scorpions
  4 wights
  4 killer bees (D:10)
  2 electric eels
  2 howler monkeys
  5 crimson imps
  A bullfrog zombie (D:8)
  A quasit (D:9)
  7 hounds
  A jelly (D:13)
  3 bullfrog skeletons
  29 orc priests
  4 centaur skeletons
  2 iguanas
  26 orc wizards
  14 worker ants
  2 hell rats (Lair:6)
  A killer bee zombie (D:9)
  A hound zombie (D:6)
  2 hound skeletons
  Robin (D:2)
  2 worker ant zombies
  2 howler monkey skeletons
  17 adders
  22 gnolls
  11 river rats (Lair:6)
  4 shadow imps
  An ooze (D:3)
  An adder skeleton (D:6)
  A worm (D:5)
  3 dart slugs
  5 leopard geckos
  99 orcs
  10 bats
  5 giant cockroaches
  14 goblins
  12 hobgoblins
  14 jackals
  11 kobolds
  5 quokkas
  A ball python (D:10)
  7 frilled lizards
  5 rats
  5 fungi
  4 plants
1005 creatures vanquished.

Vanquished Creatures (others)
  A hydra (Swamp:4)
  A lindwurm (Swamp:4)
  A tyrant leech (Swamp:4)
  A hornet (Swamp:3)
  A steam dragon (Swamp:4)
  A bullfrog (D:6)
  An iguana (Lair:2)
  A worm (D:6)
  2 orcs
  2 briar patches (Swamp:1)
  15 fungi (Lair:6)
  38 plants (Lair:6)
65 creatures vanquished.

Grand Total: 1070 creatures vanquished

Notes
Turn   | Place    | Note
-------+----------+-------------------------------------------
     0 | D:1      | Lifeless the Demonspawn Gladiator began the quest for the Orb.
     0 | D:1      | Reached XP level 1. HP: 16/16 MP: 1/1
   182 | D:1      | Gained mutation: When seriously injured, your bleeding wounds create armour. (AC +12) [demonic ancestry]
   182 | D:1      | Reached XP level 2. HP: 15/22 MP: 2/2
   454 | D:1      | Reached skill level 3 in Axes
   725 | D:1      | Gained mutation: You have sharp fingernails. [demonic ancestry]
   725 | D:1      | Reached XP level 3. HP: 28/28 MP: 3/3
   799 | D:2      | Reached skill level 1 in Armour
  1195 | D:2      | Noticed Robin
  1364 | D:2      | Killed Robin
  1364 | D:2      | Gained mutation: You regenerate a little health from kills. [demonic ancestry]
  1364 | D:2      | Reached XP level 4. HP: 34/34 MP: 4/4
  1436 | D:2      | Found a blossoming altar of Fedhas.
  1750 | D:2      | Found an iron altar of Okawaru.
  1786 | D:2      | Became a worshipper of Warmaster Okawaru
  2054 | D:3      | Reached skill level 4 in Axes
  2054 | D:3      | Reached XP level 5. HP: 39/40 MP: 5/5
  2474 | D:3      | Found a deep blue altar of Sif Muna.
  2881 | D:4      | Noticed an ogre
  2891 | D:4      | HP: 2/41 [orc priest/divine providence (15)]
  3238 | D:4      | HP: 1/41 [orc priest/divine providence (9)]
  3245 | D:4      | Gained mutation: You sometimes gain a little power by taking damage. [demonic ancestry]
  3245 | D:4      | Reached XP level 6. HP: 36/47 MP: 6/6
  3249 | D:4      | Reached * piety under Okawaru
  3519 | D:4      | Found Xyn Ytz's Antique Weapon Shoppe.
  3548 | D:4      | HP: 1/47 [gnoll/enchanted spear (6)]
  4055 | D:4      | Reached skill level 5 in Axes
  4437 | D:4      | Gained mutation: When seriously injured, your bleeding wounds create thick armour. (AC +12) [demonic ancestry]
  4437 | D:4      | Reached XP level 7. HP: 30/52 MP: 4/7
  4499 | D:4      | Found a basalt altar of Yredelemnul.
  4499 | D:4      | Found a faded altar of an unknown god.
  4504 | D:4      | Found an ornate altar of the Wu Jian Council.
  4506 | D:4      | Found a faded altar of an unknown god.
  4508 | D:4      | Found a hide-covered altar of Uskayaw.
  5071 | D:5      | Entered Level 5 of the Dungeon
  5147 | D:5      | Reached skill level 6 in Axes
  5217 | D:5      | Gained mutation: You have very sharp fingernails. [demonic ancestry]
  5217 | D:5      | Reached XP level 8. HP: 43/61 MP: 8/8
  5283 | D:5      | Reached ** piety under Okawaru
  5653 | D:5      | Reached skill level 5 in Dodging
  5808 | D:5      | Found a shimmering altar of Xom.
  5809 | D:5      | Found a hazy altar of Hepliaklqana.
  5809 | D:5      | Noticed a hell beast
  5810 | D:5      | Noticed a spectral ugly thing
  5810 | D:5      | Noticed a hell beast
  5844 | D:5      | Noticed Prince Ribbit
  6033 | D:5      | Reached skill level 5 in Fighting
  6141 | D:5      | Killed Prince Ribbit
  6141 | D:5      | Reached skill level 7 in Axes
  6507 | D:6      | Noticed Pikel
  6537 | D:6      | Killed Pikel
  6537 | D:6      | Reached *** piety under Okawaru
  6537 | D:6      | Reached XP level 9. HP: 57/69 MP: 9/9
  6651 | D:6      | Found a stormy altar of Qazlal.
  6927 | D:6      | Reached skill level 8 in Axes
  7641 | D:7      | Reached **** piety under Okawaru
  7677 | D:7      | Reached skill level 5 in Armour
  7883 | D:7      | Noticed Menkaure
  7899 | D:7      | Killed Menkaure
  7926 | D:7      | Got a twisted whip
  7927 | D:7      | Identified the +11 whip of Hixouss {slash, SInv} (You found it on level 7 of the Dungeon)
  8033 | D:7      | Noticed Dowan
  8047 | D:7      | Killed Dowan
  8056 | D:7      | Noticed Duvessa
  8060 | D:7      | Reached skill level 9 in Axes
  8067 | D:7      | Killed Duvessa
  8182 | D:7      | Found a glowing golden altar of the Shining One.
  8185 | D:7      | Found a glowing silver altar of Zin.
  8186 | D:7      | Found a white marble altar of Elyvilon.
  8272 | D:7      | Found a staircase to the Ecumenical Temple.
  8344 | D:8      | Noticed an unseen horror
  8356 | D:8      | Killed an unseen horror
  8356 | D:8      | Reached XP level 10. HP: 77/77 MP: 7/10
  8357 | D:8      | Noticed Zebura's ghost (novice GrEE)
  8644 | D:8      | Killed Zebura's ghost
  8651 | D:8      | Reached ***** piety under Okawaru
  8659 | D:8      | Paralysed by fainting for 8 turns
  8683 | D:8      | Paralysed by fainting for 7 turns
  8810 | D:8      | Reached skill level 10 in Axes
  8996 | D:8      | Noticed a two-headed ogre
  9008 | D:8      | Killed a two-headed ogre
  9430 | D:8      | Found Umnoxutu's Armour Shoppe.
  9725 | D:9      | Received a gift from Okawaru
  9934 | D:9      | Reached XP level 11. HP: 86/86 MP: 11/11
 10070 | D:9      | Found a staircase to the Lair.
 10143 | D:9      | Noticed a two-headed ogre
 10153 | D:9      | Killed a two-headed ogre
 10153 | D:9      | Reached skill level 11 in Axes
 10320 | D:9      | Noticed a two-headed ogre
 10332 | D:9      | Killed a two-headed ogre
 10508 | D:10     | Entered Level 10 of the Dungeon
 10511 | D:10     | Found a staircase to the Orcish Mines.
 10538 | D:10     | Noticed Leszczynek's ghost (novice OgSu)
 10558 | D:10     | Killed Leszczynek's ghost
 10558 | D:10     | Received a gift from Okawaru
 10860 | D:10     | Found Ceul's Serpentskin Sales.
 11245 | D:10     | Found a roughly hewn altar of Beogh.
 11589 | D:11     | Noticed Tux's ghost (journeyman BuTm)
 11602 | D:11     | Killed Tux's ghost
 11602 | D:11     | Reached skill level 12 in Axes
 11800 | D:11     | Found Ceinwes's Jewellery Shop.
 11851 | D:11     | Noticed an obsidian statue
 12019 | D:11     | Received a gift from Okawaru
 12028 | D:11     | Identified a +2 pair of boots of running (Okawaru gifted it to you on level 11 of the Dungeon)
 12419 | D:11     | Gained mutation: When seriously injured, your bleeding wounds create very thick armour. (AC +12) [demonic ancestry]
 12419 | D:11     | Reached XP level 12. HP: 83/96 MP: 12/12
 12770 | Lair:1   | Entered Level 1 of the Lair of Beasts
 13443 | Lair:1   | Got a fine flail
 13444 | Lair:1   | Identified the cursed +3 flail "Deuso" {flame, Int+3 Dex+5} (You found it on level 1 of the Lair of Beasts)
 13959 | Lair:2   | Reached skill level 13 in Axes
 14084 | Lair:2   | Reached skill level 10 in Fighting
 14210 | Lair:2   | Found a staircase to the Swamp.
 14304 | Lair:2   | Noticed Gorglomux's ghost (journeyman TeAE)
 14320 | Lair:2   | Killed Gorglomux's ghost
 14320 | Lair:2   | Reached ****** piety under Okawaru
 14454 | Lair:2   | Received a gift from Okawaru
 14501 | Lair:2   | Got an iridescent battleaxe {god gift}
 14544 | Lair:2   | Identified the +10 battleaxe of Yjeu {pain, MR+} (Okawaru gifted it to you on level 2 of the Lair of Beasts)
 15237 | Lair:3   | Found a staircase to the Snake Pit.
 15636 | Lair:4   | Received a gift from Okawaru
 15640 | Lair:4   | Gained mutation: You regenerate health from kills. [demonic ancestry]
 15640 | Lair:4   | Reached XP level 13. HP: 104/104 MP: 13/13
 15653 | Lair:4   | Reached skill level 14 in Axes
 15854 | Lair:4   | Identified 2 scrolls of acquirement
 16510 | Lair:5   | Noticed Snorg
 16522 | Lair:5   | Killed Snorg
 16664 | Lair:5   | Reached skill level 10 in Armour
 16761 | Lair:5   | Received a gift from Okawaru
 17597 | Lair:6   | Entered Level 6 of the Lair of Beasts
 17731 | Lair:6   | Reached skill level 15 in Axes
 18077 | Lair:6   | Received a gift from Okawaru
 18102 | Lair:6   | Found a viscous altar of Jiyva.
 18104 | Lair:6   | Found a staircase to the Slime Pits.
 18164 | Lair:6   | Gained mutation: You have claws for hands. [demonic ancestry]
 18164 | Lair:6   | Reached XP level 14. HP: 107/114 MP: 14/14
 18438 | Lair:5   | Received a gift from Okawaru
 19652 | D:12     | Noticed Azrael
 19671 | D:12     | Killed Azrael
 19902 | D:12     | Reached skill level 16 in Axes
 20714 | D:13     | Found a gate to the Vaults.
 21299 | D:14     | Received a gift from Okawaru
 21913 | D:15     | Entered Level 15 of the Dungeon
 22090 | D:15     | Gained mutation: Your flesh is cold resistant. (rC+) [demonic ancestry]
 22090 | D:15     | Reached XP level 15. HP: 109/122 MP: 15/15
 22108 | D:15     | Noticed Agnes
 22122 | D:15     | Killed Agnes
 22122 | D:15     | Reached skill level 1 in Invocations
 22294 | D:15     | Noticed Roxanne
 22881 | D:15     | Found a staircase to the Depths.
 23194 | Orc:1    | Entered Level 1 of the Orcish Mines
 23563 | Orc:2    | Entered Level 2 of the Orcish Mines
 23563 | Orc:2    | Found a staircase to the Elven Halls.
 23608 | Orc:2    | Noticed Rupert
 23612 | Orc:2    | Noticed an orc warlord
 23633 | Orc:1    | Received a gift from Okawaru
 23660 | Orc:1    | Killed an orc warlord
 23727 | Orc:1    | Reached skill level 17 in Axes
 23732 | Orc:1    | Killed Rupert
 24167 | Orc:2    | Reached skill level 5 in Invocations
 24186 | Orc:2    | Noticed an orc warlord
 24206 | Orc:1    | Killed an orc warlord
 24206 | Orc:1    | Received a gift from Okawaru
 24413 | Orc:2    | Found Ode Xaas's General Store.
 24414 | Orc:2    | Found Ugaptinu's Book Boutique.
 24415 | Orc:2    | Found Janwups's Antique Armour Shop.
 24415 | Orc:2    | Found Watoe's Antique Weapon Shop.
 24681 | Elf:1    | Entered Level 1 of the Elven Halls
 24728 | Elf:1    | Found Teafougym's Weapon Boutique.
 24917 | Elf:1    | Got a jewelled plate armour
 24933 | Elf:1    | Identified the cursed +0 plate armour of Cipn {rC+ Str+5 Dex-5 Stlth+} (You found it on level 1 of the Elven Halls)
 24959 | Elf:1    | Found Meleer's Food Shop.
 25130 | Elf:1    | Identified Kikubaaqudgha's Reference Book on Black Arts
 25233 | Elf:1    | Reached XP level 16. HP: 90/132 MP: 17/20
 25677 | Elf:1    | Found Wageajo's Gadget Shoppe.
 26194 | Elf:2    | Received a gift from Okawaru
 26321 | Elf:2    | Reached skill level 18 in Axes
 26654 | Elf:2    | Received a gift from Okawaru
 26767 | Elf:2    | Found a roughly hewn altar of Beogh.
 26788 | Elf:2    | Found a runed gate.
 26788 | Elf:2    | Found a runed gate.
 26788 | Elf:2    | Found a runed gate.
 27525 | Elf:2    | Noticed a deep elf blademaster
 28331 | Swamp:1  | Entered Level 1 of the Swamp
 28412 | Swamp:1  | Found a shimmering altar of Xom.
 28976 | Swamp:1  | Noticed a thorn hunter
 29390 | Swamp:1  | Received a gift from Okawaru
 30139 | Swamp:1  | Killed a thorn hunter
 30139 | Swamp:1  | Reached XP level 17. HP: 140/140 MP: 14/21
 30537 | Swamp:1  | Reached skill level 19 in Axes
 30690 | Swamp:2  | Noticed Louise
 30717 | Swamp:2  | Killed Louise
 30717 | Swamp:2  | Reached skill level 1 in Spellcasting
 31025 | Swamp:2  | Learned a level 1 spell: Animate Skeleton
 31469 | Swamp:2  | Noticed Frances
 31478 | Swamp:2  | Killed Frances
 31478 | Swamp:2  | Reached skill level 15 in Fighting
 31842 | Swamp:3  | Received a gift from Okawaru
 31914 | Swamp:3  | Reached skill level 1 in Necromancy
 32151 | Swamp:3  | Paralysed by a hornet for 2 turns
 32834 | Swamp:4  | Entered Level 4 of the Swamp
 32858 | Swamp:4  | Noticed Nikola
 32879 | Swamp:4  | Killed from afar by Nikola

Vault maps used:
D:1:      evilmike_arrival_fibonacci_small
D:2:      lemuel_doored_altar, old_standard_altar, nrook_uturn, dk_vineyard_3,
          uniq_robin
D:3:      lemuel_coloured_pillars_altar
D:4:      chequers_temple_overflow_minitemple, serial_shops,
          kennysheep_little_box, first_bread
D:5:      regret_index_temple_of_mockery, uniq_prince_ribbit1
D:6:      nicolae_overflow_crystal_walls, hangedman_minor_gate_pass, uniq_pikel
D:7:      good_gods_mini_temple, minmay_temple_entry_poolview, uniq_duvessa,
          uniq_menkaure
D:8:      hangedman_cross_stitches, serial_shops, shop, serial_park_tiny_1
D:9:      lair_entry_dummy, the_bakery
D:10:     minmay_orc_entry_temple_small, serial_glass, glass_columns_b,
          glass_columns_a, item_on_display_a, due_unseen_surprise,
          guppyfry_shop_venom
D:11:     serial_shops, shop, minmay_protected_statue
D:12:     uniq_azrael
D:13:     david_vaults_4
D:15:     grunt_enter_depths_hoard, hangedman_abyss_or_decor_jellyfish_corner,
          basic_altar, uniq_agnes, uniq_roxanne
Lair:1:   gammafunk_lair_bear_cave, grunt_megastairs_4
Lair:2:   minmay_swamp_entry_reptiles, serial_bayou_shore_b
Lair:3:   minmay_snake_entry_guardpost_small, serial_bayou_crossing
Lair:5:   minmay_lair_oklob_chamber, uniq_snorg
Lair:6:   minmay_lair_end_frog_pond, slime_altar_1, kennysheep_rathole
Swamp:1:  basic_altar
Swamp:2:  infiniplex_staircase_pool_2, uniq_frances, uniq_louise
Swamp:3:  evilmike_swamp_ruin_house_5, swamp_pool4
Swamp:4:  swamp_fiery, swamp_pool1, uniq_nikola
Orc:1:    basic_altar, uniq_fannar
Orc:2:    st_orc_congregation, uniq_rupert
Elf:1:    serial_shops, nicolae_shop_statue_plus, nicolae_shop_behind_doors,
          nicolae_shop_behind_doors, minmay_elf_necromancy
Elf:2:    special_room

Skill      XL: |  1  2  3  4  5  6  7  8  9 10 11 12 13 14 15 16 17 |
---------------+----------------------------------------------------+-----
Axes           | 3 4 5 6 7 9 10 12 13 15 16 17 18 19 | 19.2
Dodging        | 3 4 5 6 |  6.2
Armour         | 1 2 3 4 5 7 8 9 10 12 13 14 | 14.1
Fighting       | 3 4 5 6 8 9 10 11 12 13 14 15 | 15.3
Invocations    | 5 6 |  6.7
Spellcasting   | 2 |  2.6
Necromancy     | 1 |  1.8
Throwing       | |  1.7

Action                   |  1- 3 |  4- 6 |  7- 9 | 10-12 | 13-15 | 16-18 || total
-------------------------+-------+-------+-------+-------+-------+-------++-------
Melee: War axe           |   131 |   226 |   398 |       |       |       ||   755
       Punch             |       |     1 |       |     1 |       |       ||     2
       Whip              |       |       |    36 |   309 |    59 |    74 ||   478
       Battleaxe         |       |       |       |   130 |  1110 |   845 ||  2085
       Executioner's axe |       |       |       |   255 |       |       ||   255
       Broad axe         |       |       |       |       |    21 |       ||    21
Throw: Throwing net      |       |       |     2 |       |       |       ||     2
Invok: Heroism           |       |     1 |     9 |    15 |    40 |    40 ||   105
       Finesse           |       |       |       |       |       |     3 ||     3
Evoke: Wand              |       |       |       |     1 |       |       ||     1
  Use: Potion            |       |     4 |     2 |       |     4 |     6 ||    16
       Scroll            |       |       |       |    15 |    19 |     6 ||    40
 Stab: Distracted        |       |       |       |       |     1 |       ||     1
       Confused          |       |       |       |       |       |     1 ||     1
  Eat: Chunk             |     1 |    10 |    14 |    22 |    26 |    20 ||    93
       Fruit             |       |       |     2 |     3 |     6 |     5 ||    16
Armor: Leather armour    |    10 |       |       |       |       |       ||    10
       Ring mail         |    49 |     2 |       |       |       |       ||    51
       Scale mail        |       |   121 |   152 |   234 |    31 |       ||   538
       Chain mail        |       |       |    19 |    49 |   476 |    38 ||   582
       Plate armour      |       |       |       |       |    34 |   550 ||   584
Dodge: Dodged            |    89 |   152 |   256 |   482 |   760 |   408 ||  2147
